[Event "Late Titled Tuesday Blitz February 8 2022"]
[White "Meduri, Aakaash"]
[Black "Pulvett Marin, Daniel Eduardo"]
[WhiteFideId "2032252"]
[BlackFideId "3900410"]
[WhiteElo "2047"]
[BlackElo "2413"]
[Result "0-1"]
[Round "03"]
[TimeControl "180+1"]
[Date "2022.02.09"]
[WhiteClock "0:00:01"]
[BlackClock "0:00:23"]

1. d4 Nf6 2. Nc3 d5 3. Bf4 e6 4. e3 Bb4 5. Bd3 c5 6. dxc5 Nbd7 7. Ne2 Nxc5 8. O-O O-O 9. h3 Bd7 10. a3 Bxc3 11. Nxc3 Qe7 12. Bh2 Bc6 13. Re1 Rad8 14. Qe2 a6 15. Be5 Ncd7 16. Bh2 e5 17. e4 d4 18. Nb1 Nc5 19. Nd2 Ne8 20. Nc4 f6 21. b4 Ne6 22. Na5 Ba4 23. Bc4 Nd6 24. Bd5 Kh8 25. Rac1 Bb5 26. c4 dxc3 27. Qe3 Nd4 28. Rxc3 Rc8 29. Rxc8 Rxc8 30. Bg3 Nc4 31. Qc3 Nb6 32. Qb2 Nxd5 33. exd5 Qd7 34. Qa2 Rc2 35. Qb1 Qxd5 36. Qd1 b6 37. Bxe5 fxe5 38. Qg4 bxa5 39. Qg5 Ne6 40. Qe7 Qd7 41. Qh4 Re2 42. Rc1 h6 0-1


[Site "https://www.chess.com"]

[Event "Late Titled Tuesday Blitz February 8 2022"]
[White "Michelakos, Panagiotis"]
[Black "Kamsky, Gata"]
[WhiteFideId "4216067"]
[BlackFideId "2000024"]
[WhiteElo "2140"]
[BlackElo "2645"]
[Result "0-1"]
[Round "03"]
[TimeControl "180+1"]
[Date "2022.02.08"]
[WhiteClock "0:00:02"]
[BlackClock "0:00:07"]

1. d4 f5 2. Nc3 Nf6 3. Bg5 d5 4. Bxf6 exf6 5. e3 Be6 6. Qf3 Qd7 7. h4 h5 8. Bd3 Nc6 9. a3 g6 10. Nge2 Bf7 11. b4 Ne7 12. Nf4 Bh6 13. b5 Kf8 14. a4 Kg7 15. Nce2 Nc8 16. Qg3 Kh7 17. c4 dxc4 18. Bxc4 Nd6 19. Bxf7 Qxf7 20. Rc1 Rhc8 21. O-O a6 22. b6 Ne4 23. Qh3 cxb6 24. Nxh5 b5 25. Rxc8 Rxc8 26. Nhg3 Nxg3 27. Nxg3 bxa4 28. h5 Rg8 29. hxg6+ Rxg6 30. Qxf5 b5 31. Ne4 b4 32. d5 b3 33. d6 Kh8 34. d7 Rg8 35. Rd1 Rd8 36. Nxf6 b2 37. Qh5 Qxh5 38. Nxh5 a3 39. e4 a2 40. f4 b1=Q 0-1


[Site "https://www.chess.com"]

[Event "Late Titled Tuesday Blitz February 8 2022"]
[White "Milosevic, Milos"]
[Black "Myers, Dominique"]
[WhiteFideId "964875"]
[BlackFideId "2041715"]
[WhiteElo "2198"]
[BlackElo "1986"]
[Result "1-0"]
[Round "03"]
[TimeControl "180+1"]
[Date "2022.02.09"]
[WhiteClock "0:01:19"]
[BlackClock "0:00:50"]

1. b4 e5 2. Bb2 d6 3. c4 f5 4. a3 Nf6 5. e3 Be7 6. Nc3 O-O 7. Qc2 Be6 8. Nf3 c6 9. Ng5 Bc8 10. Bd3 h6 11. Nh3 e4 12. Be2 g5 13. f4 g4 14. Nf2 Be6 15. g3 Nbd7 16. h3 h5 17. hxg4 hxg4 18. O-O-O Nb6 19. Na4 Qe8 20. Rh6 Qf7 21. Rdh1 Qg7 22. Nxb6 axb6 23. d3 d5 24. dxe4 dxe4 25. Qc3 Rf7 26. Qc2 Rd8 27. R1h5 Kf8 28. Rh8+ Qxh8 29. Rxh8+ Kg7 30. Rxd8 Bxd8 31. Qd2 Rd7 32. Qc3 Kg6 33. Qe5 Kf7 34. Qb8 Bc7 35. Qh8 Bd8 36. Nd1 Be7 37. Nc3 Rd8 38. Qh1 Kg6 39. Na4 b5 40. cxb5 cxb5 41. Bxb5 Nd5 42. Bd4 Rc8+ 43. Kb2 Nf6 44. Nc5 Bf7 45. Nd7 Nxd7 46. Bxd7 Rc7 47. Qh8 Rxd7 48. Qg7+ Kh5 49. Qxf7+ Kh6 50. Qg7+ Kh5 51. Qh7# 1-0


[Site "https://www.chess.com"]

[Event "Late Titled Tuesday Blitz February 8 2022"]
[White "Mirza, Diana"]
[Black "Kraus, Tomas"]
[WhiteFideId "2503999"]
[BlackFideId "331708"]
[WhiteElo "1813"]
[BlackElo "2389"]
[Result "0-1"]
[Round "03"]
[TimeControl "180+1"]
[Date "2022.02.09"]
[WhiteClock "0:00:45"]
[BlackClock "0:01:17"]

1. d4 Nf6 2. Nf3 g6 3. c4 Bg7 4. e4 Nxe4 5. Nc3 Nxc3 6. bxc3 O-O 7. Bd3 c5 8. O-O cxd4 9. cxd4 Nc6 10. Bb2 d5 11. Ne5 Nxe5 12. dxe5 Be6 13. cxd5 Qxd5 14. Qe2 Rfd8 15. Rfd1 Qa5 16. Qf3 Bxe5 17. Bxe5 Qxe5 18. Qxb7 Rab8 19. Qxe7 Rxd3 20. Re1 Qd6 21. Qxa7 Qb6 22. Qe7 Rd2 23. Qf6 Qd4 24. Qf3 Rbb2 0-1


[Site "https://www.chess.com"]

[Event "Late Titled Tuesday Blitz February 8 2022"]
[White "Mirzoev, Azer"]
[Black "Poormosavi, Seyed Kian"]
[WhiteFideId "13400304"]
[BlackFideId "12585807"]
[WhiteElo "2712"]
[BlackElo "2484"]
[Result "1/2-1/2"]
[Round "03"]
[TimeControl "180+1"]
[Date "2022.02.09"]
[WhiteClock "0:00:11"]
[BlackClock "0:00:13"]

1. c4 e5 2. Nc3 Nc6 3. e3 g6 4. d4 exd4 5. exd4 Bg7 6. d5 Nb8 7. Bd3 d6 8. Nge2 Nf6 9. O-O O-O 10. Ng3 a5 11. Bg5 h6 12. Bd2 Na6 13. h3 Nc5 14. Bc2 Re8 15. Qc1 Kh7 16. f4 Bd7 17. Qd1 c6 18. dxc6 bxc6 19. f5 g5 20. Kh1 d5 21. cxd5 cxd5 22. Nxd5 Bc6 23. Nxf6+ Bxf6 24. Bc3 Bxc3 25. bxc3 Qxd1 26. Raxd1 Ba4 27. Bxa4 Nxa4 28. Rd7 Kg8 29. Nh5 Red8 30. Rxd8+ Rxd8 31. Rf3 Rd2 32. Re3 Kf8 33. f6 Rxa2 34. Rd3 Re2 35. Ng7 Kg8 36. Rd8+ Kh7 37. g4 Nxc3 38. Rf8 Ne4 39. Nh5 Kg6 40. Rg8+ Kh7 41. Rg7+ Kh8 42. Rxf7 Rf2 43. Kg1 Rf3 44. Kg2 Rf2+ 45. Kg1 Rf3 46. Rf8+ Kh7 47. Kh2 a4 48. f7 Nd6 49. Ra8 Nxf7 50. Rxa4 Ne5 51. Ra7+ Rf7 52. Rxf7+ Nxf7 53. Nf6+ Kg6 54. Ne4 Ne5 55. Kg3 Kf7 56. Nf2 Ke6 57. h4 Kd5 58. hxg5 hxg5 59. Nh3 Nf7 60. Nxg5 Nxg5 61. Kf4 Ne6+ 62. Kf5 Kd6 63. g5 Nxg5 1/2-1/2


[Site "https://www.chess.com"]

[Event "Late Titled Tuesday Blitz February 8 2022"]
[White "Mogranzini, Roberto"]
[Black "Garcia Martin, Marta"]
[WhiteFideId "810894"]
[BlackFideId "32084030"]
[WhiteElo "2486"]
[BlackElo "2779"]
[Result "1-0"]
[Round "03"]
[TimeControl "180+1"]
[Date "2022.02.09"]
[WhiteClock "0:00:23"]
[BlackClock "0:00:04"]

1. e4 b6 2. d4 Bb7 3. Bd3 e6 4. Qe2 Nf6 5. Nf3 d5 6. e5 Nfd7 7. O-O c5 8. c3 Be7 9. Na3 Nc6 10. Bb1 cxd4 11. cxd4 Nb4 12. Nb5 a6 13. Nc3 Nc6 14. Be3 b5 15. Nd2 Rc8 16. Qg4 g6 17. Ne2 Nb6 18. b3 Nb4 19. Nf4 h5 20. Qg3 g5 21. Ne2 Nc2 22. Bxc2 Rxc2 23. f4 g4 24. f5 Bc8 25. fxe6 Bxe6 26. Nf4 Qd7 27. Qe1 h4 28. Qd1 Rc3 29. Qe2 h3 30. g3 Bf5 31. Rac1 Rxc1 32. Rxc1 Rh6 33. Nf1 Rc6 34. Bd2 Rxc1 35. Bxc1 Na8 36. Ne3 Nc7 37. Nxf5 Qxf5 38. Qd3 Qxd3 39. Nxd3 Kd7 40. Be3 Ne6 41. Nf2 f5 42. exf6 Bxf6 43. Nxg4 Bxd4 44. Bxd4 Nxd4 45. Kf2 Ke6 46. Ke3 Nf5+ 47. Kf3 d4 48. Nf2 Kd5 49. Nxh3 d3 50. Nf4+ Kd4 51. Nxd3 Kxd3 52. g4 Nh4+ 53. Kg3 Ng6 54. h4 Kc3 55. h5 Nf8 56. g5 Kb2 57. g6 Ne6 58. h6 Kxa2 59. h7 1-0


[Site "https://www.chess.com"]

[Event "Late Titled Tuesday Blitz February 8 2022"]
[White "Moore, Nicholas"]
[Black "Djokic, Mihailo"]
[WhiteFideId "4303709"]
[BlackFideId "976440"]
[WhiteElo "2289"]
[BlackElo "2008"]
[Result "0-1"]
[Round "03"]
[TimeControl "180+1"]
[Date "2022.02.09"]
[WhiteClock "0:00:08"]
[BlackClock "0:00:11"]

1. d4 c5 2. d5 e6 3. Nc3 Nf6 4. e4 d6 5. h3 exd5 6. exd5 Bf5 7. Bb5+ Nbd7 8. a4 a6 9. Be2 Be7 10. Nf3 O-O 11. O-O Ne4 12. Nxe4 Bxe4 13. Re1 Bf6 14. c3 Re8 15. Bd3 Bxf3 16. Rxe8+ Qxe8 17. Qxf3 Qe1+ 18. Bf1 Bg5 19. Qe2 Qxe2 20. Bxe2 Bxc1 21. Rxc1 Re8 22. Kf1 Re5 23. Rd1 Nf6 24. Bf3 Kf8 25. a5 Ke7 26. Re1 Rxe1+ 27. Kxe1 Nd7 28. Kd2 b6 29. axb6 Nxb6 30. Kd3 a5 31. Be4 g6 32. f4 f5 33. Bf3 h5 34. g3 Kd7 35. g4 hxg4 36. hxg4 Ke7 37. g5 Kd8 38. c4 Kc7 39. Bd1 Kb7 40. Kc3 Ka6 41. Kb3 a4+ 42. Kc3 Ka5 43. Bc2 Nc8 44. Bb1 Ne7 45. Bc2 Ng8 46. Bb1 Ne7 47. Bc2 Nc8 48. Bd3 Ka6 49. Bc2 Nb6 50. Bd3 Kb7 51. Bc2 Kc7 52. Bd3 Kd8 53. Kc2 Kc8 54. Kc3 Kd8 55. b4 axb3 56. Kxb3 Ke7 57. Kc3 Nd7 58. Bc2 Nb6 59. Bb3 Na8 60. Ba4 Nc7 61. Kb3 Na6 62. Kc3 Nb4 63. Bb3 Kf7 64. Kd2 Kg7 65. Kc3 Na6 66. Kd2 Nc7 67. Kc3 Kf7 68. Kd2 Ne8 69. Ba4 Ng7 70. Bd7 Nh5 71. Ke3 Ng3 72. Be6+ Ke7 73. Bg8 Ne4 74. Be6 Nc3 75. Kd3 Na4 76. Ke3 Nb2 77. Kd2 Nxc4+ 78. Kd3 Nb6 79. Kc3 Nd7 80. Kd3 Nf8 81. Bc8 Kd8 82. Ba6 Kc7 83. Bb5 Nd7 84. Kc3 Kd8 85. Kd3 Nb6 86. Bc6 Kc7 87. Kc3 Kd8 88. Kd3 Ke7 89. Kc3 Nc8 90. Kd3 Na7 91. Ba4 Nc8 92. Bc6 Kf7 93. Kc3 Ne7 94. Bb7 Ke8 95. Kc4 Kd8 96. Ba6 Kc7 97. Bb5 Kb6 98. Be8 Ka5 99. Bf7 Ka4 100. Be6 Ka3 101. Kc3 Ka2 102. Kc2 Ka1 103. Kc1 c4 104. Kc2 Ka2 105. Kc3 Kb1 106. Kxc4 Kc2 107. Bf7 Kd2 108. Kd4 Ke2 109. Be6 Kf3 110. Kc4 Kxf4 111. Kb5 Kxg5 112. Kb6 Kf6 113. Kc7 Ke5 114. Kd7 Nxd5 115. Ke8 Nc7+ 116. Kf7 Nxe6 117. Kxg6 f4 0-1


[Site "https://www.chess.com"]

[Event "Late Titled Tuesday Blitz February 8 2022"]
[White "Moroni, Luca Jr"]
[Black "Mamedyarov, Shakhriyar"]
[WhiteFideId "865834"]
[BlackFideId "13401319"]
[WhiteElo "2573"]
[BlackElo "2769"]
[Result "1-0"]
[Round "03"]
[TimeControl "180+1"]
[Date "2022.02.08"]
[WhiteClock "0:00:17"]
[BlackClock "0:00:16"]

1. d4 Nf6 2. c4 e6 3. Nc3 Bb4 4. Nf3 b6 5. e3 Bb7 6. Bd3 O-O 7. O-O Bxc3 8. bxc3 Ne4 9. Ne1 f5 10. f3 Nf6 11. a4 a5 12. Ba3 d6 13. c5 bxc5 14. dxc5 Na6 15. cxd6 cxd6 16. Rb1 Bd5 17. Bb5 Nc5 18. Nd3 Qc7 19. Nf4 g5 20. Nxd5 Nxd5 21. Qd4 f4 22. exf4 Rxf4 23. Qd2 Nxa4 24. c4 Ndc3 25. Bxa4 Nxa4 26. Bxd6 Qa7+ 27. Kh1 Rd8 28. Rb5 h6 29. Qc2 Rxd6 30. Qxa4 Qd4 31. Qxa5 Qxc4 32. Re1 Rf7 33. Rb8+ Kg7 34. Qe5+ 1-0


[Site "https://www.chess.com"]

[Event "Late Titled Tuesday Blitz February 8 2022"]
[White "Morris-Suzuki, Sophie"]
[Black "Medeiros Jr, Francisco De Assis"]
[WhiteFideId "30922615"]
[BlackFideId "2114267"]
[WhiteElo "2452"]
[BlackElo "1998"]
[Result "0-1"]
[Round "03"]
[TimeControl "180+1"]
[Date "2022.02.09"]
[WhiteClock "0:00:01"]
[BlackClock "0:00:05"]

1. d4 d5 2. c4 e6 3. Nc3 a6 4. Qc2 dxc4 5. e3 b5 6. a4 b4 7. Ne4 Bb7 8. Bxc4 Nf6 9. Nxf6+ gxf6 10. Nf3 Bd6 11. e4 Nd7 12. O-O O-O 13. Bh6 Re8 14. Rad1 Qe7 15. Qe2 Kh8 16. Qe3 Rg8 17. Rfe1 Rg4 18. Nd2 Rag8 19. Bf1 f5 20. f3 f4 21. Qf2 R4g6 22. e5 Nxe5 23. Bxf4 Nd3 24. Bxd6 Qxd6 25. Bxd3 Rxg2+ 26. Qxg2 Rxg2+ 27. Kxg2 Qxd4 28. Ne4 Qxb2+ 29. Rd2 Qg7+ 30. Kf2 Qh6 31. Rde2 Qxh2+ 32. Ke3 Qh6+ 33. Kf2 f5 34. Nc5 Qh2+ 35. Kf1 Qh1+ 36. Kf2 Qxf3+ 37. Kg1 Qg3+ 38. Kf1 Qh3+ 39. Kf2 Qh2+ 40. Kf1 Qf4+ 41. Rf2 Qd4 42. Rc1 Bd5 43. Be2 Qh4 44. Ke1 Qd4 45. Nd3 b3 46. Rd1 Qc3+ 47. Kf1 b2 48. Bf3 Bc4 0-1


[Site "https://www.chess.com"]

[Event "Late Titled Tuesday Blitz February 8 2022"]
[White "Mortazavi, Ali"]
[Black "Christiansen, Johan-Sebastian"]
[WhiteFideId "401323"]
[BlackFideId "1512668"]
[WhiteElo "2476"]
[BlackElo "2674"]
[Result "1-0"]
[Round "03"]
[TimeControl "180+1"]
[Date "2022.02.09"]
[WhiteClock "0:00:07"]
[BlackClock "0:00:01"]

1. Nf3 c5 2. g3 g6 3. Bg2 Bg7 4. e4 Nc6 5. O-O Nf6 6. Re1 O-O 7. c3 d5 8. e5 Nd7 9. d4 cxd4 10. cxd4 Nb6 11. Nc3 Bg4 12. h3 Bxf3 13. Bxf3 e6 14. h4 Rc8 15. h5 Qe7 16. Bg4 Qb4 17. Ne2 a5 18. hxg6 hxg6 19. Bd2 Qb5 20. Nc3 Qa6 21. Bg5 Qc4 22. Be3 Qa6 23. Kg2 Nc4 24. Qf3 Nxe3+ 25. fxe3 Nb4 26. Re2 b5 27. Rh1 Nd3 28. Rh4 b4 29. Na4 Rc1 30. Nc5 Nxc5 31. dxc5 Rc8 32. Rf2 Qa7 33. Qf4 R1xc5 34. Qg5 Rc2 35. Rxc2 Rxc2+ 36. Kh3 Qc7 37. Bxe6 fxe6 38. Qxg6 Rf2 39. Qxe6+ Qf7 40. Qc8+ Qf8 41. Qe6+ Qf7 42. Qc8+ Bf8 43. Rg4+ Kh7 44. Rh4+ Bh6 45. e6 Qf5+ 46. Rg4 Qh5+ 47. Rh4 Qf5+ 48. Rg4 Rh2+ 49. Kxh2 Qxg4 50. Qd7+ Bg7 51. Qxd5 Qe2+ 52. Kh3 Qxe3 53. Qf5+ Kh8 54. b3 a4 55. Qh5+ Kg8 56. Qe8+ Kh7 57. Qh5+ Kg8 58. Qf7+ Kh7 59. e7 Qh6+ 60. Kg4 axb3 61. axb3 Qd6 62. e8=Q Qd4+ 63. Qf4 Qd1+ 64. Kh3 Qh1+ 65. Kg4 Qd1+ 66. Qf3 Qd4+ 67. Qee4+ Qxe4+ 68. Qxe4+ 1-0


[Site "https://www.chess.com"]

[Event "Late Titled Tuesday Blitz February 8 2022"]
[White "Mustafayev, Farid"]
[Black "Ruiz Aguilar, Pablo Alexander"]
[WhiteFideId "13408771"]
[BlackFideId "4401352"]
[WhiteElo "2129"]
[BlackElo "2125"]
[Result "1-0"]
[Round "03"]
[TimeControl "180+1"]
[Date "2022.02.09"]
[WhiteClock "0:01:35"]
[BlackClock "0:01:26"]

1. Nf3 d5 2. g3 Nf6 3. Bg2 g6 4. O-O Bg7 5. d3 O-O 6. Nbd2 c6 7. e4 Bg4 8. h3 Bxf3 9. Qxf3 e6 10. Qe2 Nbd7 11. e5 Ne8 12. d4 Nc7 13. b3 c5 14. c3 Rc8 15. a4 cxd4 16. cxd4 Na6 17. Ba3 Re8 18. b4 Rc2 19. Qd3 Qc7 20. b5 Nab8 21. Rfc1 Rc8 22. Nb3 Rc3 23. Qd2 Bf8 24. Bxf8 Nxf8 25. Nc5 Rxc1+ 26. Rxc1 b6 27. Nd3 Qb7 28. Nb4 a5 29. Nd3 Rc4 30. Rxc4 1-0


[Site "https://www.chess.com"]

[Event "Late Titled Tuesday Blitz February 8 2022"]
[White "Noboa Silva, Kevin"]
[Black "Rustemov, Alexander"]
[WhiteFideId "3618471"]
[BlackFideId "4119002"]
[WhiteElo "2488"]
[BlackElo "2817"]
[Result "1/2-1/2"]
[Round "03"]
[TimeControl "180+1"]
[Date "2022.02.09"]
[WhiteClock "0:00:20"]
[BlackClock "0:00:28"]

1. d4 d5 2. c4 dxc4 3. Nf3 e6 4. e3 a6 5. Bxc4 c5 6. Bb3 Nf6 7. O-O b5 8. a4 Bb7 9. axb5 axb5 10. Rxa8 Bxa8 11. Na3 b4 12. Ba4+ Bc6 13. Nc4 Bxa4 14. Qxa4+ Nbd7 15. Nfe5 Be7 16. Nc6 Qc8 17. Nxe7 Kxe7 18. dxc5 Qxc5 19. b3 Nd5 20. Bd2 Rc8 21. Rc1 N7b6 22. Qa1 Ra8 23. Qxg7 Nxc4 24. bxc4 Nb6 25. Rb1 Ra4 26. e4 Nxc4 27. Bg5+ Ke8 28. Rd1 Ra8 29. Qg8+ Qf8 30. Qxh7 b3 31. Bf6 b2 32. Qh5 Qb4 33. Qh8+ Qf8 34. Qh5 Qb4 35. Qh8+ Qf8 36. Qh5 1/2-1/2


[Site "https://www.chess.com"]

[Event "Late Titled Tuesday Blitz February 8 2022"]
[White "Nogerbek, Kazybek"]
[Black "Pinheiro, Iung Alicio de O."]
[WhiteFideId "13710427"]
[BlackFideId "2104350"]
[WhiteElo "2478"]
[BlackElo "2590"]
[Result "1-0"]
[Round "03"]
[TimeControl "180+1"]
[Date "2022.02.08"]
[WhiteClock "0:00:26"]
[BlackClock "0:00:33"]

1. c4 c5 2. Nc3 g6 3. g3 Bg7 4. Bg2 Nc6 5. Nh3 d6 6. Nf4 e6 7. O-O Nge7 8. a3 O-O 9. Rb1 a5 10. d3 Rb8 11. Bd2 b6 12. Ne4 d5 13. cxd5 exd5 14. Nc3 Be6 15. e4 d4 16. Nxe6 fxe6 17. Ne2 e5 18. a4 Qd6 19. b3 Kh8 20. h4 Ng8 21. Bh3 Nf6 22. Kg2 Rf7 23. Ng1 Rbf8 24. Qe2 Nh5 25. Bg4 Nf6 26. Nh3 h6 27. h5 Nxg4 28. Qxg4 g5 29. Ng1 Bf6 30. Nf3 Bd8 31. Nh2 Bc7 32. Rbe1 Nd8 33. Qe2 Qe6 34. Rb1 Kg7 35. Qg4 Qxg4 36. Nxg4 Ne6 37. f3 Re8 38. Rf2 Ref8 39. Rbf1 Re8 40. Kh3 Ref8 41. Kg2 Kh7 42. Re2 Kg7 43. Nf2 Re8 44. Nd1 Ref8 45. Nb2 Re8 46. Nc4 Ref8 47. Ref2 Re8 48. Be1 Ref8 49. Re2 Re8 50. Bf2 Ref8 51. Bg1 Re8 52. Bh2 Ref8 53. Ref2 Re8 54. Kh3 Ref8 55. Kg4 Kh7 56. Na3 Kg7 57. Nb5 Bb8 58. Kh3 Kh7 59. Na3 Kg7 60. Nc4 Bc7 61. g4 Kh7 62. Nxe5 Bxe5 63. Bxe5 Nf4+ 64. Bxf4 Rxf4 65. Kg3 Kg7 66. e5 Kf7 67. e6+ Kxe6 68. Re2+ Kd6 69. Ree1 R4f6 70. Re4 R8f7 71. Rf2 Kd5 72. Kg2 Re6 73. Rfe2 Ref6 74. Rf2 Kd6 75. Kg3 Re7 76. Rxe7 Kxe7 77. f4 gxf4+ 78. Rxf4 Rd6 79. Rf5 Re6 80. Kf2 Re3 81. Rf3 Re5 82. Rf4 Kd6 83. Rf6+ Re6 84. Rxe6+ Kxe6 85. Kg3 Ke5 86. Kf3 Ke6 87. Ke4 Kd6 88. Kf5 b5 89. axb5 c4 90. bxc4 Kc5 91. g5 a4 92. gxh6 a3 93. h7 a2 94. h8=Q a1=Q 95. Qe5+ Kb6 96. Qd6+ Kb7 97. Qa6+ Qxa6 98. bxa6+ Kxa6 99. Ke4 Kb6 100. h6 Kc6 101. Kxd4 Kd6 102. Ke4 Ke6 103. d4 Kd6 104. Kd3 Kc6 105. h7 Kd6 106. h8=Q Ke6 107. Qh4 Kf5 108. Qe4+ Kg5 109. Qe3+ Kf6 110. Kc3 Kg6 111. Qe5 Kf7 112. c5 Kg6 113. Kc4 Kf7 114. d5 Kg6 115. c6 Kf7 116. Kc5 Kg6 117. d6 Kh7 118. c7 Kg6 119. Kc6 Kh7 120. d7 Kg6 121. d8=Q Kh7 122. Qdd6 Kg8 123. Qee7 Kh8 124. c8=Q# 1-0


[Site "https://www.chess.com"]

[Event "Late Titled Tuesday Blitz February 8 2022"]
[White "Okike, David"]
[Black "Coelho, Ramyres Santana"]
[WhiteFideId "8500134"]
[BlackFideId "2120690"]
[WhiteElo "2232"]
[BlackElo "1888"]
[Result "1-0"]
[Round "03"]
[TimeControl "180+1"]
[Date "2022.02.09"]
[WhiteClock "0:00:41"]
[BlackClock "0:00:02"]

1. e4 c5 2. Nf3 d6 3. d4 cxd4 4. Nxd4 Nf6 5. Nc3 a6 6. Bg5 e6 7. f4 Qb6 8. Qd2 Qxb2 9. Rb1 Qa3 10. Bxf6 gxf6 11. Be2 Be7 12. O-O Qc5 13. Kh1 Nc6 14. Nxc6 Qxc6 15. Rb3 O-O 16. Rfb1 Kh8 17. Rb6 Qc7 18. Bf3 Rg8 19. g3 Rb8 20. Qd4 Rg6 21. f5 Rh6 22. Qd2 Kg7 23. a4 Bd7 24. e5 dxe5 25. Rxb7 Rxb7 26. Rxb7 Qc4 27. Kg2 Bc6 28. Rxe7 Bxf3+ 29. Kxf3 exf5 30. Kg2 f4 31. Qd5 f3+ 32. Qxf3 Qc5 33. Rd7 Rg6 34. Qd5 Qe3 35. Qxf7+ Kh6 36. Qxh7+ Kg5 37. Qh4+ Kf5 38. Qh5+ Rg5 39. Qf3+ Qxf3+ 40. Kxf3 Rg6 41. Rd6 Rh6 42. h4 Rh8 43. Ne4 Rh6 44. g4+ Kg6 45. Rxf6+ Kg7 46. Rxh6 Kxh6 47. c4 a5 48. c5 Kg6 49. c6 Kf7 50. h5 Ke7 51. h6 Kf7 52. c7 Kg6 53. c8=Q Kxh6 54. Qe6+ Kh7 55. Ng5+ 1-0


[Site "https://www.chess.com"]

[Event "Late Titled Tuesday Blitz February 8 2022"]
[White "Oro, Luis"]
[Black "Bibasa, Bob"]
[WhiteFideId "104094"]
[BlackFideId "10000240"]
[WhiteElo "2288"]
[BlackElo "2056"]
[Result "0-1"]
[Round "03"]
[TimeControl "180+1"]
[Date "2022.02.09"]
[WhiteClock "0:00:02"]
[BlackClock "0:00:19"]

1. e4 c5 2. Nf3 d6 3. d4 cxd4 4. Nxd4 Nf6 5. Nc3 a6 6. f3 e5 7. Nb3 Be6 8. Be3 Be7 9. Qd2 h5 10. O-O-O Nbd7 11. Nd5 Nxd5 12. exd5 Bf5 13. Bd3 Bxd3 14. Qxd3 Bg5 15. Kb1 Bxe3 16. Qxe3 O-O 17. h4 Rc8 18. g4 hxg4 19. fxg4 Nc5 20. h5 Nxb3 21. axb3 Qf6 22. g5 Qf5 23. Rh2 Qf4 24. Qg1 g6 25. Rf1 Qe4 26. Rf6 Kg7 27. Rxd6 gxh5 28. Rf6 Rfd8 29. Qf2 Qxd5 30. b4 Rc6 31. b3 Rdd6 32. Rg2 Rxf6 33. gxf6+ Kf8 34. Qa7 Rc8 35. Qb6 Qxg2 36. Qd6+ Kg8 37. Qxe5 Qxc2+ 38. Ka1 Qc1+ 39. Ka2 Rc2+ 0-1


[Site "https://www.chess.com"]

[Event "Late Titled Tuesday Blitz February 8 2022"]
[White "Ortiz Verdezoto, Anahi"]
[Black "Rorrer, Grayson"]
[WhiteFideId "3614581"]
[BlackFideId "30944996"]
[WhiteElo "2486"]
[BlackElo "2737"]
[Result "1/2-1/2"]
[Round "03"]
[TimeControl "180+1"]
[Date "2022.02.09"]
[WhiteClock "0:01:22"]
[BlackClock "0:00:56"]

1. d4 Nf6 2. c4 e6 3. Nc3 Bb4 4. e3 O-O 5. Bd3 d5 6. cxd5 exd5 7. Ne2 c6 8. O-O Re8 9. Ng3 Nbd7 10. f3 Nf8 11. a3 Bd6 12. Nce2 c5 13. b3 cxd4 14. Nxd4 Ne6 15. Ndf5 Be5 16. Rb1 Nc5 17. Bc2 g6 18. Nd4 Bxg3 19. hxg3 Nh5 20. Ne2 Be6 21. b4 Nd7 22. Bb2 Rc8 23. Bb3 Nb6 24. Qd4 f6 25. g4 Ng7 26. Qxf6 Qxf6 27. Bxf6 Nc4 28. Bxc4 Rxc4 29. Nf4 Bf7 30. Bd4 a6 31. Rbd1 Ne6 32. Nxe6 Bxe6 33. Rd2 Rec8 34. Rfd1 Kf7 35. Bc5 Rc6 36. Kf2 Rc3 37. Rh1 Kg8 38. Ra1 Kf7 39. Rh1 Kg8 40. Ra1 Kf7 41. Rh1 1/2-1/2


[Site "https://www.chess.com"]

[Event "Late Titled Tuesday Blitz February 8 2022"]
[White "Osiecki, Stanislaw"]
[Black "Derraugh, Geordie"]
[WhiteFideId "1102990"]
[BlackFideId "2603950"]
[WhiteElo "2127"]
[BlackElo "2116"]
[Result "0-1"]
[Round "03"]
[TimeControl "180+1"]
[Date "2022.02.09"]
[WhiteClock "0:00:08"]
[BlackClock "0:00:04"]

1. e4 e5 2. Nf3 Nc6 3. Bb5 a6 4. Bxc6 dxc6 5. O-O Bg4 6. d3 Qf6 7. Be3 Bd6 8. h3 h5 9. Nbd2 Ne7 10. Re1 Ng6 11. hxg4 hxg4 12. Nh2 Qh4 13. Ndf1 Qe7 14. Qxg4 Nf4 15. Bxf4 exf4 16. e5 Bc5 17. c3 Rh4 18. Qf5 f3 19. Nxf3 Rh6 20. d4 Bb6 21. Ng3 Rd8 22. Re4 c5 23. Rd1 cxd4 24. cxd4 Rd5 25. Qc8+ Rd8 26. Qxb7 Rg6 27. Nf5 Qb4 28. Qxa6 Bxd4 29. N5xd4 Rxa6 30. a3 Qa4 31. Rde1 c5 32. Ne6 fxe6 33. Rxa4 Rxa4 34. Ng5 Ke7 35. Re3 Rb8 36. Rf3 Rxb2 37. Rf7+ Ke8 38. Rxg7 Rb6 39. Rc7 Rc4 40. Nf7 Rc1+ 41. Kh2 c4 42. Nd6+ Kd8 43. Rxc4 Rxc4 44. Nxc4 Rc6 45. Ne3 Rc3 46. Ng4 Rxa3 47. f4 Ke7 48. g3 Kf7 49. Kh3 Kg6 50. Kh4 Kf5 51. Nh6+ Kg6 52. g4 Kxh6 53. f5 exf5 54. gxf5 Ra4+ 55. Kg3 Kg5 56. e6 Kxf5 57. e7 Re4 58. Kf3 Rxe7 0-1


[Site "https://www.chess.com"]

[Event "Late Titled Tuesday Blitz February 8 2022"]
[White "Ozen, Deniz"]
[Black "Postnikov, Daniil"]
[WhiteFideId "6349196"]
[BlackFideId "4166329"]
[WhiteElo "2326"]
[BlackElo "2261"]
[Result "1/2-1/2"]
[Round "03"]
[TimeControl "180+1"]
[Date "2022.02.08"]
[WhiteClock "0:00:08"]
[BlackClock "0:00:10"]

1. d4 Nf6 2. Bf4 c5 3. e3 d5 4. Nf3 cxd4 5. exd4 Nc6 6. Nbd2 Bf5 7. c3 e6 8. Qa4 Bd6 9. Bxd6 Qxd6 10. Bb5 O-O 11. O-O a6 12. Bxc6 bxc6 13. Nb3 Bd3 14. Rfe1 Ne4 15. Nfd2 Nxd2 16. Nxd2 c5 17. Qa3 Qf4 18. Nf3 Be4 19. Ne5 cxd4 20. cxd4 Rfc8 21. Qg3 Qd2 22. Nd7 Qxd4 23. b3 Rc2 24. Rad1 Qb2 25. a4 Bg6 26. h4 Rc3 27. Qg5 h6 28. Qf4 Rxb3 29. Ne5 Rb4 30. Qg3 Bf5 31. Nc6 Rxa4 32. Ne7+ Kh7 33. Nxf5 exf5 34. Rxd5 Qf6 35. h5 Rg4 36. Qd3 Rg5 37. Qf3 Rb8 38. Rd2 Rb4 39. Rde2 Rbg4 40. g3 f4 41. Qe4+ g6 42. hxg6+ Rxg6 43. Qf3 Qg5 44. Kf1 fxg3 45. Qxf7+ Rg7 46. Qf3 g2+ 47. Kg1 Qh4 48. Qd3+ R4g6 49. f4 Qh1+ 50. Kf2 g1=Q+ 51. Rxg1 Qxg1+ 52. Kf3 Qg3+ 53. Ke4 Qxd3+ 54. Kxd3 Rd6+ 55. Kc4 Rc7+ 56. Kb4 Rb7+ 57. Ka5 Rb5+ 58. Ka4 Rd4+ 59. Ka3 Rxf4 60. Ka2 Kg6 61. Ka3 Rf6 62. Rg2+ Rg5 63. Rd2 h5 64. Kb4 Rg4+ 65. Ka5 h4 66. Rd4 Rxd4 1/2-1/2


[Site "https://www.chess.com"]

[Event "Late Titled Tuesday Blitz February 8 2022"]
[White "Paravyan, David"]
[Black "Izoria, Zviad"]
[WhiteFideId "4194985"]
[BlackFideId "13601733"]
[WhiteElo "2569"]
[BlackElo "2626"]
[Result "1/2-1/2"]
[Round "03"]
[TimeControl "180+1"]
[Date "2022.02.08"]
[WhiteClock "0:00:10"]
[BlackClock "0:00:34"]

1. e4 c6 2. d4 d5 3. e5 Bf5 4. h4 h5 5. Bd3 Bxd3 6. Qxd3 Qa5+ 7. c3 e6 8. Bg5 Qa6 9. Qd1 c5 10. Ne2 Nc6 11. O-O cxd4 12. cxd4 Be7 13. Bxe7 Ngxe7 14. Nd2 Qd3 15. Nf3 Qxd1 16. Rfxd1 Kd7 17. Rac1 Rac8 18. g3 Ng6 19. Kg2 Nce7 20. Ne1 Nf5 21. Nd3 b6 22. b3 Nge7 23. Ne1 Ng6 24. Nf3 a5 25. Kf1 f6 26. Ke1 Rhf8 27. Rxc8 Rxc8 28. Rc1 Rf8 29. Rc3 Nfe7 30. exf6 gxf6 31. Nfg1 Nf5 32. Nh3 e5 33. Rc1 Nge7 34. Rd1 Kd6 35. dxe5+ fxe5 36. Ng5 Nc6 37. Ne4+ Ke6 38. Ng5+ Kd6 39. Ne4+ Ke6 40. Ng5+ Kd6 1/2-1/2


[Site "https://www.chess.com"]

[Event "Late Titled Tuesday Blitz February 8 2022"]
[White "Pavlidou, Ekaterini"]
[Black "Petersson, Kjell"]
[WhiteFideId "4213262"]
[BlackFideId "1705148"]
[WhiteElo "2127"]
[BlackElo "2009"]
[Result "0-1"]
[Round "03"]
[TimeControl "180+1"]
[Date "2022.02.09"]
[WhiteClock "0:00:28"]
[BlackClock "0:00:41"]

1. d4 f5 2. g4 fxg4 3. e4 d5 4. e5 c5 5. c3 cxd4 6. cxd4 Nc6 7. Nc3 Bf5 8. Bg2 e6 9. Nge2 Bb4 10. Ng3 Nge7 11. Bg5 O-O 12. Nxf5 exf5 13. Bxd5+ Qxd5 14. O-O Bxc3 15. bxc3 h6 16. Bd2 f4 17. Qxg4 Qe4 18. Rae1 Qg6 19. f3 Rf5 20. Qxg6 Nxg6 21. Re4 Rd8 22. Bc1 Na5 23. e6 Ne7 24. Ba3 Re8 25. Bd6 Nc4 26. Bxf4 Nd5 27. Bc1 Nxc3 28. Ree1 Rf6 29. e7 Rf7 30. d5 Rfxe7 31. Rxe7 Rxe7 0-1


[Site "https://www.chess.com"]